Map: Prion Terraces

Players

Miszu - Winner!

  • Race: Protoss Protoss
  • League: Master

ShunX

  • Race: Terran Terran
  • League: Master

VOD

Have the link to the VOD?

Description

Time

  • Played on: April 1, 2016, 5:04 p.m.
  • Length: 9:28
Show
View Real Time Build Order
Export as new Build Order

Miszu Protoss - Winner!

Build Orders:  

Get SALT Encoding   

  12  0:01  Probe (Chrono Boost)  
  13  0:11  Probe (Chrono Boost)  
  14  0:18  Pylon  
  14  0:22  Probe (Chrono Boost)  
  15  0:36  Probe (Chrono Boost)  
  15  0:37  Gateway  
  16  0:43  Assimilator  
  16  0:47  Probe (Chrono Boost)  
  17  0:57  Probe (Chrono Boost)  
  17  0:58  Pylon  
  18  1:08  Probe (Chrono Boost)  
  19  1:19  Probe (Chrono Boost)  
  19  1:23  Cybernetics Core  
  20  1:28  Zealot  
  20  1:29  Probe (Chrono Boost)  
  23  1:48  Probe (Chrono Boost)  
  24  1:59  Assimilator  
  25  2:02  Mothership Core (Chrono Boost)  
  25  2:07  Stalker  
  28  2:17  Nexus  
  28  2:46  Pylon  
  28  2:47  Stalker, Pylon  
  28  2:54  Probe (Chrono Boost)  
  28  2:58  Robotics Facility  
  29  3:04  Probe (Chrono Boost)  
  30  3:15  Probe (Chrono Boost)  
  30  3:17  Stalker  
  33  3:37  Probe x2 (Chrono Boost)  
  35  3:46  Stalker  
  35  3:47  Probe (Chrono Boost)  
  38  4:02  Probe (Chrono Boost)  
  37  4:07  Probe (Chrono Boost)  
  38  4:12  Probe (Chrono Boost)  
  39  4:19  Probe (Chrono Boost)  
  39  4:23  Probe (Chrono Boost)  
  41  4:29  Probe (Chrono Boost)  
  41  4:33  Mothership Core (Chrono Boost)  
  41  4:37  Observer  
  42  4:39  Probe (Chrono Boost)  
  42  4:41  Pylon  
  42  4:42  Warp Gate (Chrono Boost)  
  45  4:45  Sentry  
  45  4:48  Nexus  
  45  4:49  Probe  
  46  4:55  Twilight Council  
  46  4:56  Pylon  
  46  4:59  Probe x2  
  48  5:00  Observer, Assimilator x2  
  48  5:05  Pylon  
  49  5:11  Probe  
  50  5:16  Gateway x2, Probe  
  50  5:21  Immortal  
  55  5:24  Probe  
  55  5:26  Probe  
  57  5:32  Resonating Glaives  
  57  5:36  Probe  
  57  5:37  Probe  
  59  5:47  Probe  
  59  5:48  Probe  
  61  5:55  Forge  
  61  5:58  Forge, Probe  
  61  6:00  Pylon, Probe  
  63  6:08  Immortal, Probe  
  68  6:12  Probe  
  68  6:17  Probe  
  69  6:19  Probe  
  69  6:20  Gateway  
  69  6:22  Gateway  
  69  6:23  Pylon  
  70  6:35  Sentry x3  
  76  6:45  Gateway  
  76  6:46  Protoss Ground Weapons Level 1, Protoss Ground Armor Level 1  
  76  6:48  Gateway  
  76  6:49  Gateway  
  76  6:52  Gateway  
  76  6:54  Probe  
  78  6:59  Immortal (Chrono Boost)  
  81  7:03  Adept  
  81  7:04  Adept x2  
  87  7:12  Blink  
  87  7:19  Pylon  
  87  7:25  Adept  
  87  7:26  Adept x3  
  95  7:31  Pylon  
  95  7:32  Pylon  
  95  7:36  Immortal (Chrono Boost)  
  99  7:39  Adept  
  101  7:46  Adept x4  
  109  7:55  Adept x3  
  115  8:09  Pylon, Warp Prism (Chrono Boost)  
  115  8:11  Probe  
  115  8:12  Pylon x2  
  117  8:13  Assimilator, Probe  
  117  8:14  Assimilator  
  119  8:25  Adept x3  
  125  8:33  Pylon  
  125  8:39  Adept x5, Robotics Facility, Templar Archives  
  125  8:40  Pylon  
  117  8:49  Adept x2  
  117  8:50  Adept x4  
  117  8:52  Adept x3  
  135  9:06  Pylon  
  139  9:13  Stalker  
  139  9:14  Stalker x3  
Show
View Real Time Build Order
Export as new Build Order

ShunX Terran 

Build Orders: Reaper Expand, MMM Bio 

Get SALT Encoding   

  12  0:04  SCV  
  13  0:16  SCV  
  13  0:20  Supply Depot  
  14  0:28  SCV  
  15  0:41  SCV  
  16  0:42  Barracks  
  16  0:47  Refinery  
  16  0:53  SCV  
  17  1:05  SCV  
  18  1:18  SCV  
  19  1:30  Orbital Command  
  19  1:31  Reaper  
  20  1:45  Command Center  
  20  1:52  Engineering Bay  
  20  2:00  SCV  
  21  2:12  SCV  
  22  2:19  Barracks Reactor  
  22  2:20  Barracks  
  22  2:23  Barracks  
  21  2:31  SCV  
  22  2:43  SCV  
  23  2:56  Marine x2, SCV  
  23  2:57  Bunker  
  25  2:59  Orbital Command  
  25  3:07  Marine  
  25  3:12  Marine  
  26  3:14  Marine x2  
  28  3:25  Marine  
  28  3:30  Marine  
  28  3:32  Marine x2  
  26  3:37  SCV  
  26  3:43  Marine  
  26  3:45  Supply Depot x2  
  26  3:47  Supply Depot  
  26  3:48  Marine  
  27  3:49  Marine x2  
  30  4:01  Marine  
  30  4:05  SCV  
  30  4:07  Marine x2  
  30  4:08  Bunker  
  33  4:12  SCV  
  33  4:13  Marine  
  32  4:21  Barracks Tech Lab  
  30  4:25  Marine  
  30  4:26  SCV  
  30  4:30  SCV  
  32  4:33  Marine  
  32  4:38  SCV  
  32  4:43  Supply Depot, SCV  
  32  4:45  Marine  
  34  4:46  Stimpack  
  34  4:48  Engineering Bay  
  34  4:50  Marine, SCV  
  37  4:54  Barracks Reactor  
  37  4:55  SCV  
  38  5:03  SCV  
  39  5:07  Marine, SCV  
  39  5:10  Supply Depot  
  39  5:13  Factory  
  41  5:15  SCV  
  41  5:19  SCV  
  43  5:21  Refinery  
  43  5:22  Marauder  
  43  5:27  Barracks Tech Lab, SCV  
  46  5:30  Marine x2  
  46  5:31  SCV  
  46  5:33  Supply Depot  
  49  5:39  SCV  
  50  5:43  Marauder, SCV  
  50  5:48  Marine x2, Marauder  
  57  5:50  Refinery  
  57  5:51  SCV  
  57  5:55  SCV  
  59  6:01  Starport  
  59  6:02  Factory Reactor  
  59  6:03  SCV  
  60  6:07  SCV  
  60  6:08  Combat Shields  
  61  6:15  SCV  
  62  6:19  SCV  
  63  6:27  Command Center, Marine, Marauder x2, SCV  
  63  6:32  Supply Depot, SCV  
  70  6:36  Refinery  
  70  6:39  SCV  
  71  6:44  Medivac  
  71  6:45  Medivac  
  71  6:46  SCV  
  76  6:49  Supply Depot  
  76  6:55  Concussive Shells  
  76  6:56  Supply Depot, SCV  
  77  7:02  Terran Infantry Weapons Level 1  
  77  7:04  Engineering Bay  
  77  7:07  Marine x2, Marauder x2  
  83  7:12  SCV  
  84  7:16  Supply Depot  
  84  7:17  SCV  
  85  7:27  Marine x2  
  85  7:28  Marine, Medivac, Marauder  
  85  7:29  Widow Mine  
  93  7:33  Terran Infantry Armor Level 1  
  93  7:36  Supply Depot, SCV  
  94  7:40  Orbital Command  
  94  7:44  Missile Turret  
  94  7:55  Marine  
  94  7:56  Marauder x2, SCV  
  99  7:58  Medivac  
  101  8:06  Marine  
  102  8:15  Command Center  
  102  8:17  Marauder  
  102  8:19  Armory  
  103  8:20  Marine  
  103  8:21  Marauder  
  103  8:24  Marine  
  102  8:38  Marine, Marauder  
  103  8:42  Marauder  
  88  8:51  Marine  
  88  8:52  Medivac, Widow Mine  
  83  8:56  Marine  
  83  9:00  Marauder  
  65  9:03  Marine  
  65  9:09  Marine  
Tags
 
Add a new tag
Caveats
  • Supply blocks, unpowered buildings, or Contaminate may cause inaccurate times.
  • Supply counts are checked every 10 seconds.